 Dungeon Crawl Stone Soup version 0.29.0-4-gdea44cf6ec (webtiles) character file.

Game seed: 1323449864797008548

1241 qw the Cleaver (level 8, -1/62 HPs)
             Began as a Formicid Cinder Acolyte on Sept 4, 2022.
             Was a Priest of Ignis.
             Slain by a two-headed ogre
             ... wielding a +0 giant spiked club
              (28 damage)
             ... on level 7 of the Dungeon.
             The game lasted 00:02:05 (6920 turns).

qw the Cleaver (Formicid Cinder Acolyte)            Turns: 6920, Time: 00:02:06

Health: -1/62      AC: 22    Str: 20    XL:     8   Next: 78%
Magic:  9/9        EV:  7    Int: 15    God:    Ignis [***...]
Gold:   21         SH:  5    Dex: 15    Spells: 9/9 levels left

rFire   + . .      SeeInvis +   Y - +0 war axe
rCold   . . .      Faith    .   j - +0 buckler
rNeg    . . .      Spirit   .   f - +0 chain mail
rPois   .          Reflect  .   (helmet unavailable)
rElec   .          Harm     .   (no cloak)
rCorr   .          Rampage  .   g - +1 pair of gloves
Will    .....                   (no boots)
Stlth   ..........              (no amulet)
HPRegen 0.20/turn               b - +6 ring of dexterity
MPRegen 0.11/turn               h - +4 ring of protection

@: fiery-armoured
A: permanent stasis, dig shafts and tunnels, antennae 3, four strong arms
a: Dig, Shaft Self, Renounce Religion, Fiery Armour, Foxfire Swarm, Rising Flame


You were on level 7 of the Dungeon.
You worshipped Ignis.
Ignis was most pleased with you.
You visited 1 branch of the dungeon, and saw 7 of its levels.

You collected 456 gold pieces.
You spent 435 gold pieces at shops.


Innate Abilities, Weirdness & Mutations

You cannot be hasted, slowed, berserked, paralysed or teleported.
You can dig through walls and to a lower floor.
You have a pair of large antennae on your head. (SInv)
Your four strong arms can wield two-handed weapons with a shield.


   Skills:
 - Level 5.0 Fighting
 + Level 8.1 Axes
 - Level 1.1 Throwing
 - Level 3.4 Armour
 - Level 1.0 Dodging
 - Level 4.6 Shields
 - Level 1.1 Spellcasting
 - Level 3.0 Fire Magic


You had 9 spell levels left.
You didn't know any spells.
Your spell library contained the following spells:

 Spells                   Type           Power      Damage    Failure   Level
 Scorch                   Fire           18%        2d6       80%         2

Inventory:

Hand Weapons
 c - a -1 hand axe of flaming
 Y - a +0 war axe (weapon)
Missiles
 a - 2 boomerangs (quivered)
Armour
 f - a +0 chain mail (worn)
 g - a +1 pair of gloves (worn)
 j - a +0 buckler (worn)
Jewellery
 b - a +6 ring of dexterity (left hand)
 h - a +4 ring of protection (right hand)
Scrolls
 e - 4 scrolls of identify
Potions
 d - 7 potions of curing
 i - a potion of resistance
 l - a potion of heal wounds

Dungeon Overview and Level Annotations

Branches:
Dungeon (7/15)
 Temple: D:4-7

Altars:
Ashenzari
Kikubaaqudgha
Nemelex Xobeh
Sif Muna

Shops:
D:5 !!*!!   D:6 ?

Annotations:
D:1 2 runed translucent doors


Message History

Enter note:
Enter note: Throw: 2 boomerangs
Press: ? - help, Q - select action Shift-Dir - straight line, f - two-headed ogre You throw a boomerang.
The boomerang barely misses the two-headed ogre.
Throw: 2 boomerangs
Press: ? - help, Q - select action Shift-Dir - straight line, f/p - two-headed ogre You throw a boomerang.
The boomerang barely misses the two-headed ogre.
Throw: 2 boomerangs
Press: ? - help, Q - select action Shift-Dir - straight line, f/p - two-headed ogre You throw a boomerang.
The boomerang hits the two-headed ogre!
The two-headed ogre is lightly wounded.
You barely miss the two-headed ogre.
The two-headed ogre is lightly wounded.
The two-headed ogre hits you with a +0 giant spiked club!
The two-headed ogre hits you with a +0 giant spiked club.
You hit the two-headed ogre.
The two-headed ogre is lightly wounded.
You slash the two-headed ogre!
The two-headed ogre is moderately wounded.
You block the two-headed ogre's attack.
The two-headed ogre hits you with a +0 giant spiked club!
You hit the two-headed ogre.
The two-headed ogre is moderately wounded.
The two-headed ogre closely misses you.
The two-headed ogre hits you with a +0 giant spiked club!
6918 ||| INVOKING Fiery Armour.
A protective cloak of flame settles atop you.
The two-headed ogre completely misses you.
The two-headed ogre hits you but does no damage.
The two-headed ogre is burned by your cloak of flames.
The two-headed ogre is heavily wounded.
You slash the two-headed ogre!
The two-headed ogre is severely wounded.
You slash the two-headed ogre!
The two-headed ogre is almost dead.
The two-headed ogre hits you with a +0 giant spiked club!!
You die...

######## #......#
.......############
.......'........@.#
.......##########O#
...........# .#
.#.........# .#
.###.......# .. .#
######### ..
.###### ...
........ .}8
......##


You could see a two-headed ogre.

Vanquished Creatures
  2 black bears
  An ice beast (D:7)
  An ogre (D:6)
  A centaur (D:6)
  A phantom (D:5)
  A necrophage (D:4)
  A gnoll sergeant (D:5)
  2 scorpions
  A gnoll bouda (D:7)
  A jelly (D:6)
  3 iguanas
  4 orc wizards (D:6)
  11 gnolls
  4 adders
  3 white imps
  An ufetubus (D:4)
  3 worms
  2 dart slugs
  12 orcs
  A bat zombie (D:4)
  6 endoplasms
  5 giant cockroaches
  3 goblins
  3 hobgoblins
  2 quokkas
  8 ball pythons
  4 bats
  A frilled lizard (D:1)
  12 kobolds
  7 rats
  4 rat zombies (D:4)
111 creatures vanquished.

Notes
Turn   | Place    | Note
-------+----------+-------------------------------------------
     0 | D:1      | qw the Formicid Cinder Acolyte began the quest for the Orb.
     0 | D:1      | Reached XP level 1. HP: 18/18 MP: 2/2
     0 | D:1      | 0 ||| qw: Version: 0.1-a-103-gd6f5d3a
     0 | D:1      | 0 ||| qw: Game counter: 5410
     0 | D:1      | 0 ||| qw: Always use a shield: true
     0 | D:1      | 0 ||| qw: God list: Okawaru
     0 | D:1      | 0 ||| qw: Allow faded altars: false
     0 | D:1      | 0 ||| qw: Do Orc after D:15 true
     0 | D:1      | 0 ||| qw: Do second Lair branch before Depths: true
     0 | D:1      | 0 ||| qw: Lair rune preference: random
     0 | D:1      | 0 ||| qw: Plans: Normal
     0 | D:1      | 0 ||| PLANNING D:1-11
    60 | D:1      | You fall into a shaft and drop 1 floor!
   114 | D:2      | 114 ||| DRINKING 2 blue potions.
   127 | D:2      | 127 ||| INVOKING Fiery Armour.
   128 | D:2      | HP: 4/18 [adder (2)]
   130 | D:2      | Reached XP level 2. HP: 3/24 MP: 3/3
   130 | D:2      | 130 ||| DRINKING potion of curing.
   130 | D:2      | 130 ||| (to cure poison)
   509 | D:1      | 509 ||| Stepping ~*~*~tactically~*~*~ (stealth).
   510 | D:1      | Found a large runed translucent door.
   510 | D:1      | Found a large runed translucent door.
   511 | D:1      | 511 ||| Stepping ~*~*~tactically~*~*~ (stealth).
   516 | D:1      | 516 ||| Stepping ~*~*~tactically~*~*~ (stealth).
   528 | D:1      | Reached skill level 4 in Axes
   528 | D:1      | Reached XP level 3. HP: 27/29 MP: 4/4
   927 | D:1      | Found a faded altar of an unknown god.
   936 | D:1      | 936 ||| Stepping ~*~*~tactically~*~*~ (stealth).
   950 | D:1      | Reached skill level 1 in Dodging
  1132 | D:1      | 1132 ||| INVOKING Fiery Armour.
  1433 | D:1      | 1433 ||| READING scroll labelled ELEAHORURE.
  1434 | D:1      | 1434 ||| READING 2 scrolls labelled BIEXKU MEID.
  1435 | D:1      | 1435 ||| READING scroll labelled FUNENNIEMO.
  1436 | D:1      | 1436 ||| READING scroll labelled FUXIST ESHEOSM.
  2073 | D:2      | 2073 ||| UPGRADING to +0 ring mail.
  2083 | D:2      | 2083 ||| DROPPING +0 robe.
  2084 | D:2      | 2084 ||| UPGRADING to +0 chain mail.
  2094 | D:2      | 2094 ||| DROPPING +0 ring mail.
  2095 | D:2      | 2095 ||| UPGRADING to +0 pair of gloves.
  2100 | D:2      | 2100 ||| DRINKING 2 smoky red potions.
  2101 | D:2      | 2101 ||| DROPPING potion of attraction.
  2163 | D:3      | 2163 ||| SWAPPING to +3 hand axe.
  2274 | D:3      | Reached XP level 4. HP: 35/35 MP: 5/5
  2333 | D:3      | Found a shimmering blue altar of Sif Muna.
  2334 | D:3      | Found a broken altar of Ashenzari.
  2398 | D:3      | 2398 ||| Stepping ~*~*~tactically~*~*~ (stealth).
  2475 | D:3      | Reached skill level 1 in Armour
  2735 | D:3      | Found a sparkling altar of Nemelex Xobeh.
  2928 | D:3      | 2928 ||| UPGRADING to +6 ring of dexterity.
  2929 | D:3      | 2929 ||| UPGRADING to +4 ring of protection.
  2930 | D:3      | 2930 ||| READING scroll labelled ZEIH QOENYMEJO.
  3069 | D:3      | 3069 ||| READING scroll labelled ZURHEEBECA.
  3070 | D:3      | 3070 ||| READING 2 scrolls of identify.
  3070 | D:3      | 3070 ||| IDENTIFYING glowing cyan potion
  3071 | D:3      | 3071 ||| DROPPING potion of degeneration.
  3072 | D:3      | 3072 ||| Stepping randomly (stuck).
  3073 | D:3      | 3073 ||| Stepping ~*~*~tactically~*~*~ (cloud).
  3366 | D:4      | 3366 ||| INVOKING Fiery Armour.
  3497 | D:4      | 3497 ||| FLEEEEING.
  3498 | D:4      | 3498 ||| FLEEEEING.
  3499 | D:4      | 3499 ||| FLEEEEING.
  3500 | D:4      | 3500 ||| FLEEEEING.
  3502 | D:4      | 3502 ||| STAIRDANCE
  3594 | D:4      | 3594 ||| READING scroll of enchant armour.
  3594 | D:4      | 3594 ||| ENCHANTING +0 pair of gloves.
  3613 | D:4      | Reached XP level 5. HP: 38/41 MP: 6/6
  3640 | D:4      | Reached skill level 5 in Axes
  3720 | D:4      | Noticed a black bear
  3721 | D:4      | 3721 ||| Stepping ~*~*~tactically~*~*~ (stealth).
  3737 | D:4      | Killed a black bear
  3738 | D:4      | Reached skill level 3 in Armour
  3738 | D:4      | Reached XP level 6. HP: 31/47 MP: 7/7
  3758 | D:4      | 3758 ||| FLEEEEING.
  3759 | D:4      | 3759 ||| FLEEEEING.
  3763 | D:4      | 3763 ||| FLEEEEING.
  3764 | D:4      | 3764 ||| FLEEEEING.
  3765 | D:4      | 3765 ||| FLEEEEING.
  3766 | D:4      | 3766 ||| FLEEEEING.
  3767 | D:4      | 3767 ||| STAIRDANCE
  3843 | D:3      | 3843 ||| DROPPING ring of magical power.
  3844 | D:3      | 3844 ||| DRINKING 3 smoky black potions.
  3876 | D:3      | 3876 ||| DROPPING 2 potions of lignification.
  3881 | D:4      | 3881 ||| STAIRDANCE
  4056 | D:4      | Found an ancient bone altar of Kikubaaqudgha.
  4188 | D:4      | 4188 ||| Stepping ~*~*~tactically~*~*~ (stealth).
  4191 | D:4      | 4191 ||| Stepping ~*~*~tactically~*~*~ (hiding).
  4307 | D:4      | 4307 ||| READING scroll labelled AMEDYH QIRI.
  4330 | D:5      | Entered Level 5 of the Dungeon
  4331 | D:5      | 4331 ||| STAIRDANCE
  4336 | D:5      | 4336 ||| STAIRDANCE
  4373 | D:5      | 4373 ||| STAIRDANCE
  4391 | D:5      | Reached skill level 6 in Axes
  4391 | D:5      | Reached XP level 7. HP: 46/52 MP: 8/8
  4391 | D:5      | 4391 ||| STAIRDANCE
  4427 | D:5      | Found Deucaci's General Store.
  4451 | D:5      | Found Puzethrot's Distillery.
  4459 | D:5      | 4459 ||| BUYING potion of curing (45 gold).
  4459 | D:5      | Bought a potion of curing for 45 gold pieces
  4459 | D:5      | 4459 ||| BUYING potion of resistance (150 gold).
  4459 | D:5      | Bought a potion of resistance for 150 gold pieces
  4545 | D:5      | 4545 ||| Stepping ~*~*~tactically~*~*~ (hiding).
  4550 | D:5      | 4550 ||| Stepping ~*~*~tactically~*~*~ (hiding).
  4551 | D:5      | 4551 ||| Stepping ~*~*~tactically~*~*~ (hiding).
  4559 | D:5      | 4559 ||| INVOKING Fiery Armour.
  4568 | D:5      | HP: 13/54 [gnoll sergeant/+0 spear of pain (2)]
  4800 | D:5      | Found Yboofeq's Distillery.
  4810 | D:5      | 4810 ||| SHOPLISTING potion of cancellation (104 gold, have
                  | 69).
  4810 | D:5      | 4810 ||| BUYING potion of curing (39 gold).
  4810 | D:5      | Bought a potion of curing for 39 gold pieces
  4810 | D:5      | 4810 ||| SHOPLISTING potion of heal wounds (65 gold, have
                  | 30).
  4810 | D:5      | 4810 ||| SHOPLISTING potion of resistance (130 gold, have
                  | 30).
  4847 | D:5      | 4847 ||| FLEEEEING.
  4848 | D:5      | 4848 ||| FLEEEEING.
  4849 | D:5      | 4849 ||| FLEEEEING.
  4850 | D:5      | 4850 ||| FLEEEEING.
  4851 | D:5      | 4851 ||| FLEEEEING.
  4852 | D:5      | 4852 ||| FLEEEEING.
  4993 | D:5      | Found Zanwauza's Distillery.
  4999 | D:5      | 4999 ||| BUYING potion of curing (30 gold).
  4999 | D:5      | Bought a potion of curing for 30 gold pieces
  4999 | D:5      | 4999 ||| SHOPLISTING potion of curing (30 gold, have 15).
  4999 | D:5      | 4999 ||| SHOPLISTING potion of heal wounds (50 gold, have
                  | 15).
  4999 | D:5      | 4999 ||| SHOPLISTING potion of mutation (80 gold, have 15).
  5111 | D:5      | Found Detz's Distillery.
  5125 | D:5      | 5125 ||| SHOPLISTING 2 potions of mutation (208 gold, have
                  | 71).
  5125 | D:5      | 5125 ||| BUYING potion of curing (39 gold).
  5125 | D:5      | Bought a potion of curing for 39 gold pieces
  5125 | D:5      | 5125 ||| SHOPLISTING potion of curing (39 gold, have 32).
  5125 | D:5      | 5125 ||| SHOPLISTING potion of mutation (104 gold, have
                  | 32).
  5556 | D:5      | 5556 ||| READING scroll labelled GIGYKO FEPS.
  5557 | D:5      | 5557 ||| READING 2 scrolls of identify.
  5557 | D:5      | 5557 ||| IDENTIFYING glowing inky potion
  5558 | D:5      | 5558 ||| DROPPING potion of brilliance.
  5603 | D:6      | Reached skill level 7 in Axes
  5654 | D:6      | Reached skill level 1 in Throwing
  5674 | D:6      | Reached XP level 8. HP: 37/60 MP: 9/9
  5839 | D:6      | 5839 ||| Stepping ~*~*~tactically~*~*~ (stealth).
  5874 | D:6      | Found Goczecur's Magic Scroll Shoppe.
  5885 | D:6      | 5885 ||| BUYING scroll of identify (24 gold).
  5885 | D:6      | Bought a scroll of identify for 24 gold pieces
  5885 | D:6      | 5885 ||| BUYING scroll of identify (24 gold).
  5885 | D:6      | Bought a scroll of identify for 24 gold pieces
  5965 | D:6      | 5965 ||| Stepping ~*~*~tactically~*~*~ (hiding).
  6039 | D:6      | Reached skill level 8 in Axes
  6080 | D:6      | 6080 ||| SWAPPING to +0 war axe.
  6110 | D:6      | 6110 ||| DROPPING +3 vorpal hand axe.
  6568 | D:6      | 6568 ||| UPGRADING to +0 buckler.
  6573 | D:6      | 6573 ||| READING scroll labelled CAKHEW LADOM.
  6574 | D:6      | 6574 ||| READING scroll labelled AHAMAQ VAOBB.
  6575 | D:6      | 6575 ||| READING scroll labelled WESKAF MOKA.
  6576 | D:6      | 6576 ||| READING scroll labelled RAFYIN DAECH.
  6577 | D:6      | 6577 ||| READING 4 scrolls of identify.
  6577 | D:6      | 6577 ||| IDENTIFYING fizzy red potion
  6578 | D:6      | 6578 ||| READING 3 scrolls of identify.
  6578 | D:6      | 6578 ||| IDENTIFYING dark potion
  6579 | D:6      | 6579 ||| DROPPING potion of flight.
  6587 | D:5      | 6587 ||| Stepping randomly (stuck).
  6636 | D:5      | 6636 ||| SHOPLISTING +0 plate armour (276 gold, have 105).
  6636 | D:5      | 6636 ||| BUYING 2 scrolls of identify (48 gold).
  6636 | D:5      | Bought 2 scrolls of identify for 48 gold pieces
  6636 | D:5      | 6636 ||| BUYING potion of curing (36 gold).
  6636 | D:5      | Bought a potion of curing for 36 gold pieces
  6636 | D:5      | 6636 ||| SHOPLISTING ring of ice (300 gold, have 21).
  6636 | D:5      | 6636 ||| SHOPLISTING scroll of identify (24 gold, have 21).
  6636 | D:5      | 6636 ||| Stepping randomly (stuck).
  6659 | D:7      | 6659 ||| INVOKING Fiery Armour.
  6662 | D:7      | Reached skill level 1 in Shields
  6665 | D:7      | Reached skill level 3 in Shields
  6909 | D:7      | Noticed a two-headed ogre
  6918 | D:7      | 6918 ||| INVOKING Fiery Armour.
  6920 | D:7      | Slain by a two-headed ogre

Levels and vault maps discovered:
D:1:      erik_arrival_cave_to_civilisation [erik_arrival_cave_to_temple],
          layout_basic, hellmonk_ecumenical_altar_lost_god
D:2:      layout_loops_ring, fountainhead
D:3:      layout_loops_ring, nemelex_diamond_rough_becter,
          mainiacjoe_overflow_catwalk_spiral
D:4:      cheibrodos_old_hovel, layout_rooms, lemuel_zombie_altar_kikubaaqudgha
D:5:      layout_basic, serial_shops, nicolae_stop_n_shop_2,
          nicolae_stop_n_shop_2, shop_coins, nicolae_take_the_stairs,
          nicolae_shop_trees
D:6:      layout_gridville, serial_shops, shop
D:7:      layout_basic, kennysheep_little_box,
          minmay_temple_entry_drinking_statues, hangedman_decor_points

Skill      XL: |  1  2  3  4  5  6  7  8 |
---------------+-------------------------+-----
Axes           | 4 5 6 7 8 |  8.1
Dodging        | 1 |  1.0
Armour         | 1 3 |  3.4
Fighting       | 4 5 |  5.0
Throwing       | 1 |  1.1
Shields        | 4 |  4.6
Spellcasting   | |  1.1
Fire Magic     | |  3.0

Action                   |  1- 3 |  4- 6 |  7- 9 || total
-------------------------+-------+-------+-------++-------
Melee: Hand axe          |   105 |   120 |    66 ||   291
       War axe           |       |       |    44 ||    44
Throw: Boomerang         |       |    14 |    33 ||    47
Invok: Fiery Armour      |     2 |     1 |     3 ||     6
  Use: Potion            |     3 |     1 |       ||     4
       Scroll            |     4 |     5 |     8 ||    17
Armor: Robe              |    23 |       |       ||    23
       Chain mail        |     5 |    65 |    66 ||   136
Dodge: Dodged            |    65 |    61 |    33 ||   159
Block: Buckler           |       |       |    13 ||    13

Table legend:
 A = Non-vault XP
 B = Vault XP
 C = Vault XP percentage of total XP
 D = Non-vault monster count
 E = Vault monster count
 F = Vault count percentage of total count
                 A         B        C        D         E       F
            +---------+---------+-------+---------+---------+-------
      Total |    1762 |      12 |   0.7 |     103 |       8 |   7.2
            +---------+---------+-------+---------+---------+-------
        D:1 |      30 |       4 |  11.8 |      20 |       2 |   9.1
        D:2 |      29 |       0 |   0.0 |      10 |       0 |   0.0
        D:3 |      25 |       0 |   0.0 |      13 |       0 |   0.0
        D:4 |     358 |       8 |   2.2 |      25 |       6 |  19.4
        D:5 |     345 |       0 |   0.0 |       9 |       0 |   0.0
        D:6 |     624 |       0 |   0.0 |      19 |       0 |   0.0
        D:7 |     351 |       0 |   0.0 |       7 |       0 |   0.0
            +---------+---------+-------+---------+---------+-------
